 Dungeon Crawl Stone Soup version 0.17.0-7-gfadd4cc (console) character file.

2 gw the Gusty (level 1, 9/11 HPs)
             Began as a Tengu Air Elementalist on Nov 9, 2015.
             Quit the game on level 1 of the Dungeon.
             The game lasted 00:03:57 (315 turns).

gw the Gusty (Tengu Air Elementalist)                Turns: 315, Time: 00:03:57

Health: 9/11       AC:  2    Str:  8    XL:     1   Next: 40%
Magic:  3/4        EV: 12    Int: 15    God:
Gold:   3          SH:  0    Dex: 14    Spells: 1 memorised, 3 levels left

rFire  . . .     SeeInvis .     (no weapon)
rCold  . . .     Clarity  .     a - +0 robe
rNeg   . . .     SustAt   .     (no shield)
rPois  .         Gourm    .     (helmet restricted)
rElec  .         Spirit   .     (no cloak)
rCorr  .         Warding  .     (no gloves)
rMut   .         Stasis   .     (boots unavailable)
MR     .....                    (no amulet)
Stlth  ++........               (no ring)
                                (no ring)

@: not resistant to hostile enchantments, unstealthy
A: beak, talons 3
a: no special abilities


You were on level 1 of the Dungeon.
You were not hungry.

You visited 1 branch of the dungeon, and saw 1 of its levels.

You collected 3 gold pieces.

Inventory:

Armour
 a - a +0 robe (worn)
 d - a +0 leather armour
Books
 b - a book of Air

   Spells                             Type                      Level
   a - Shock                          Conjuration/Air              1
   b - Swiftness                      Charms/Air                   2
   c - Repel Missiles                 Charms/Air                   2
   d - Static Discharge               Conjuration/Air              3
   e - Lightning Bolt                 Conjuration/Air              5
Comestibles
 c - a bread ration


   Skills:
 + Level 0.4 Fighting
 + Level 2.1 Dodging
 - Level 2.0 Stealth
 * Level 2.1 Spellcasting
 - Level 1.3 Conjurations
 + Level 4.0 Air Magic


You had 3 spell levels left.
You knew the following spells:

 Your Spells              Type           Power        Failure   Level  Hunger
a - Shock                 Conj/Air       #...         10%         1    #......


Dungeon Overview and Level Annotations

Branches:
Dungeon (1/15)

Altars:


Innate Abilities, Weirdness & Mutations

You have a beak for a mouth.
You have claws for feet.


Message History

Okay, then.
Fight failed Unknown command.
Unknown command.
Unknown command.
Unknown command.
Casting: Shock
Confirm with . or Enter, or press ? or * to list all spells.
Aiming: Shock
Press: ? - help, Shift-Dir - straight line, f/p - ball python
Aim: a ball python (moderately wounded) That beam is likely to hit you.
Continue anyway?
Okay, then.
Fight failed Unknown command.
Unknown command.
Unknown command.
Unknown command.
Infinite lua loop detected, aborting.
Are you sure you want to abandon this character and quit the game? (Confirm with "yes".)

#.......##########
#.......##..........##
#.......#.......?....##
#?...%................#
#.....................#
#...........?.........#
##.....#........).....#
###.###..............#
#.# ##......Q.....# #.#
##.....S....## #.#
#####.###..# #.# #...
.... ### #.# ## #.....
... ..###.# #.#
#.....S...
#.....###.#####.......
.
###.............#.....
###...........#.....


You could see a ball python.

Table legend:
 A = Turns spent in this place as a percentage of turns spent in the entire game.
 B = Non-inter-level travel turns spent in this place as a percentage of non-inter-level travel turns spent in the entire game.
 C = Inter-level travel turns spent in this place as a percentage of turns spent in this place.
 D = Turns resting spent in this place as a percentage of non-inter-level travel turns spent in this place.
 E = Turns spent auto-exploring this place as a percentage of non-inter-level travel turns spent in this place.
 F = Non-inter-level travel turns spent in this place divided by the number of levels of this place that you've seen.
                   A       B       C       D       E      F
               +-------+-------+-------+-------+-------+----------------------
         Total | 100.0 | 100.0 |   0.0 |   0.3 |   0.4 | 3151.0
       Dungeon | 100.0 | 100.0 |   0.0 |   0.3 |   0.4 | 3151.0
               +-------+-------+-------+-------+-------+----------------------

Table legend:
 A = Kills in this place as a percentage of kills in entire the game.
 B = Kills by you in this place as a percentage of kills by you in the entire game.
 C = Kills by friends in this place as a percentage of kills by friends in the entire game.
 D = Other kills in this place as a percentage of other kills in the entire game.
 E = Experience gained in this place as a percentage of experience gained in the entire game.
 F = Experience gained in this place divided by the number of levels of this place that you have seen.
                   A       B       C       D       E      F
               +-------+-------+-------+-------+-------+----------------------
         Total | 100.0 | 100.0 |  -nan |  -nan | 100.0 |   4.0
       Dungeon | 100.0 | 100.0 |  -nan |  -nan | 100.0 |   4.0
               +-------+-------+-------+-------+-------+----------------------

Vanquished Creatures
  A bat (D:1)
  A giant cockroach (D:1)
  A giant gecko (D:1)
3 creatures vanquished.

Notes
Turn   | Place    | Note
--------------------------------------------------------------
     0 | D:1      | gw the Tengu Air Elementalist began the quest for the Orb.
     0 | D:1      | Reached XP level 1. HP: 10/10 MP: 4/4
   315 | D:1      | Quit the game

Action                   || total
-------------------------++-------
 Cast: Shock             ||    13

Vault maps used:
D:1:      dpeg_arrival_arbitrary_c, solitary_fountain
